 Dungeon Crawl Stone Soup version 0.28-a0-1128-gb845255321 (webtiles) character file.

Game seed: 8740009823799687749

253 Vrtnx the Vexing (level 5, 0/24 HPs)
             Began as a Spriggan Enchanter on Dec 12, 2021.
             Slain by an ufetubus (1 damage)
             ... on level 4 of the Dungeon.
             The game lasted 00:06:35 (3512 turns).

Vrtnx the Vexing (Spriggan Enchanter)               Turns: 3512, Time: 00:06:35

Health: 0/24       AC:  2    Str:  6    XL:     5   Next: 90%
Magic:  14/14      EV: 17    Int: 17    God:
Gold:   42         SH:  0    Dex: 15    Spells: 7/15 levels left

rFire   . . .      SeeInvis +   a - +1 dagger
rCold   . . .      Faith    .   (shield restricted)
rNeg    . . .      Spirit   .   b - +0 robe
rPois   .          Reflect  .   (helmet restricted)
rElec   .          Harm     .   (no cloak)
rCorr   .          Rampage  .   (gloves unavailable)
Will    .....                   (boots unavailable)
Stlth   +++.......              (no amulet)
HPRegen 0.08/turn               (no ring)
MPRegen 0.14/turn               (no ring)

@: about to teleport, invisible, very quick
A: very small, no large weapons, unfitting armour, see invisible, speed 3
a: no special abilities


You were on level 4 of the Dungeon.
You visited 1 branch of the dungeon, and saw 3 of its levels.

You collected 42 gold pieces.

Inventory:

Hand Weapons
 a - a +1 dagger (weapon)
Armour
 b - a +0 robe (worn)
Wands
 g - a wand of polymorph (14)
Potions
 f - a potion of brilliance


   Skills:
 - Level 1.1 Short Blades
 - Level 2.6 Dodging
 - Level 4.4 Stealth
 + Level 5.7 Spellcasting
 + Level 6.2 Hexes


You had 7 spell levels left.
You knew the following spells:

 Your Spells              Type           Power      Damage    Failure   Level
a - Ensorcelled Hibernat  Hex/Ice        30%        N/A       5%          2
b - Tukima's Dance        Hex            26%        N/A       3%          3
c - Dazzling Flash        Conj/Hex       30%        N/A       11%         3

Your spell library contained the following spells:

 Spells                   Type           Power      Damage    Failure   Level
 Confusing Touch          Hex            26%        N/A       3%          3
 Beastly Appendage        Tmut           8%         N/A       13%         1
 Blink                    Tloc           8%         N/A       21%         2
 Wereblood                Tmut           4%         N/A       21%         2
 Lesser Beckoning         Tloc           4%         N/A       36%         3
 Spider Form              Tmut/Pois      4%         N/A       36%         3
 Freezing Cloud           Conj/Ice/Air   2%         6-21      98%         5
 Manifold Assault         Tloc           4%         N/A       98%         5
 Simulacrum               Ice/Necr       2%         N/A       100%        6
 Polar Vortex             Ice            2%         N/A       100%        9


Dungeon Overview and Level Annotations

Branches:
Dungeon (2/15)

Altars:

Annotations:
D:2 exclusions: ball python, giant cockroach and kobold, Sigmund


Innate Abilities, Weirdness & Mutations

You are very small and have problems with some larger weapons.
You are too small for most types of armour.
You have supernaturally acute eyesight. (SInv)
You cover ground extremely quickly. (Speed+++)


Message History

* * * LOW HITPOINT WARNING * * *
The ufetubus hits you.
* * * LOW HITPOINT WARNING * * *
You hit the ufetubus but do no damage.
The ufetubus is severely wounded.
The ufetubus hits you but does no damage.
The ufetubus closely misses you.
You closely miss the ufetubus.
The ufetubus is severely wounded.
The ufetubus barely misses you. The ufetubus closely misses you.
A water moccasin comes into view.
You barely miss the ufetubus.
The ufetubus is severely wounded.
The ufetubus closely misses you. The ufetubus hits you.
* * * LOW HITPOINT WARNING * * *
The water moccasin hisses angrily.
Unknown command.
Okay, then.
Unknown command.
You hit the water moccasin.
The water moccasin is lightly wounded.
The water moccasin misses you. The ufetubus misses you.
The ufetubus completely misses you.
You hit the water moccasin.
The water moccasin is lightly wounded.
The water moccasin misses you. The ufetubus completely misses you.
The ufetubus closely misses you.
The kobold throws a stone.
The stone barely misses the adder.
The stone barely misses the ufetubus.
The stone closely misses you.
The stone hits the water moccasin but does no damage.
The water moccasin closely misses you.
As you read the scroll of teleportation, it crumbles to dust.
You feel strangely unstable. The ufetubus completely misses you. x2
The water moccasin closely misses you. The ufetubus closely misses you. x2
Unknown command.
You hit the ufetubus but do no damage.
The ufetubus is severely wounded.
The water moccasin completely misses you.
The ufetubus hits you.
You die...

. .## ... #.# #..
#.# #S# #@### #5#.#
##+###S#.# .
#.....gh.##### ..
#.....K......# ...
#........###h# ....
#........###.##.....
+.:.......#........S
#...[.....#..####...


You could see a water moccasin, a black bear (wandering), a gnoll sergeant, an
adder, an ufetubus and a kobold.

Vanquished Creatures
  An ogre (D:1)
  Jessica (D:2)
  Natasha (twice) (D:2)
  3 adders
  2 gnolls (D:2)
  A worm (D:2)
  4 endoplasms
  3 giant cockroaches
  6 goblins
  4 hobgoblins (D:2)
  2 kobolds (D:1)
  2 quokkas
  3 ball pythons
  7 bats
  A frilled lizard (D:1)
  3 rats
45 creatures vanquished.

Vanquished Creatures (collateral kills)
  A gnoll (D:2)
1 creature vanquished.

Vanquished Creatures (others)
  A dancing weapon (D:2)
1 creature vanquished.

Grand Total: 47 creatures vanquished

Notes
Turn   | Place    | Note
-------+----------+-------------------------------------------
     0 | D:1      | Vrtnx the Spriggan Enchanter began the quest for the Orb.
     0 | D:1      | Reached XP level 1. HP: 9/9 MP: 5/5
   728 | D:1      | Reached skill level 4 in Hexes
   730 | D:1      | Reached XP level 2. HP: 11/13 MP: 7/7
   744 | D:1      | Learned a level 2 spell: Ensorcelled Hibernation
   800 | D:1      | Found a faded altar of an unknown god.
  1524 | D:2      | Noticed Sigmund
  1944 | D:2      | Reached XP level 3. HP: 16/16 MP: 9/9
  1948 | D:2      | Learned a level 3 spell: Tukima's Dance
  1952 | D:2      | Learned a level 3 spell: Dazzling Flash
  2303 | D:2      | Noticed an ogre
  2363 | D:1      | Killed an ogre
  2364 | D:1      | Reached skill level 5 in Hexes
  2364 | D:1      | Reached XP level 4. HP: 13/21 MP: 0/11
  2364 | D:1      | Reached XP level 5. HP: 15/24 MP: 0/13
  2469 | D:2      | Noticed Natasha
  2479 | D:2      | Killed Natasha
  2480 | D:2      | Reached skill level 5 in Spellcasting
  2696 | D:2      | Noticed Natasha
  2698 | D:2      | Noticed Jessica
  2713 | D:2      | Killed Natasha
  2716 | D:2      | Killed Jessica
  2717 | D:2      | Reached skill level 6 in Hexes
  3437 | D:2      | You fall into a shaft and drop 2 floors!
  3458 | D:4      | Noticed a black bear
  3507 | D:4      | Noticed a water moccasin
  3508 | D:4      | HP: 1/24 [ufetubus (3)]
  3512 | D:4      | Slain by an ufetubus

Illustrated notes

Levels and vault maps discovered:
D:1:      kennysheep_arrival_seaside, layout_loops_ring,
          ebering_ecumenical_altar_abandoned
D:2:      layout_loops_corners, st_stairs_5, minmay_octomino_j4, uniq_natasha,
          uniq_sigmund, uniq_jessica
D:4:      layout_basic, kennysheep_generic_room_2, uniq_eustachio

Skill      XL: |  1  2  3  4  5 |
---------------+----------------+-----
Spellcasting   | 3 4 5 |  5.7
Hexes          | 4 5 6 |  6.2
Short Blades   | |  1.1
Dodging        | |  2.6
Stealth        | |  4.4

Action                   |  1- 3 |  4- 6 || total
-------------------------+-------+-------++-------
Melee: Dagger            |   109 |    53 ||   162
 Cast: Ensorcelled Hiber |    13 |    15 ||    28
       Tukima's Dance    |     2 |       ||     2
  Use: Scroll            |     5 |     1 ||     6
       Potion            |       |     2 ||     2
 Stab: Sleeping          |    16 |     8 ||    24
       Invisible         |       |     1 ||     1
Armor: Robe              |    11 |     6 ||    17
Dodge: Dodged            |    71 |    63 ||   134

Table legend: (Time is in decaauts)
 A = Elapsed time spent in this place.
 B = Non-inter-level travel time spent in this place.
 C = Inter-level travel time spent in this place.
 D = Time resting spent in this place.
 E = Time spent auto-exploring this place.
 F = Levels seen in this place.
 G = Mean time per level.
                   A        B        C        D        E       F      G
               +--------+--------+--------+--------+--------+-----+--------+
         Total |   2938 |   2896 |     42 |    744 |   1634 |   3 |  979.3 |
       Dungeon |   2938 |   2896 |     42 |    744 |   1634 |   3 |  979.3 |
               +--------+--------+--------+--------+--------+-----+--------+

Top non-repeatable levels by time:
     D:2: 1551 daAuts
     D:1: 1332 daAuts
     D:4: 54 daAuts
